 Dungeon Sprint DCSS version 0.21.0-26-g889b8f6 (webtiles) character file.

21469 wojtek the Executioner (level 12, -10/125 HPs)
             Began as a Minotaur Berserker on Jan 27, 2018.
             Was the Champion of Trog.
             Killed from afar by Ilsuiw (22 damage)
             ... with a shard of ice
             ... in the Dungeon (Sprint III: "The Ten Rune Challenge").
             The game lasted 00:09:00 (3586 turns).

wojtek the Executioner (Minotaur Berserker)         Turns: 3586, Time: 00:09:01

Health: -10/125    AC: 14    Str: 26    XL:     12   Next: 54%
Magic:  11/11      EV: 16    Int:  4    God:    Trog [******]
Gold:   3663       SH:  0    Dex: 11    Spells: 11/11 levels left

rFire    . . .     SeeInvis .   k - +3 battleaxe (flame)
rCold    . . .     Gourm    .   (shield currently unavailable)
rNeg     . . .     Faith    .   u - +0 chain mail (curse)
rPois    .         Spirit   .   G - +0 hat {MR+}
rElec    .         Reflect  .   (no cloak)
rCorr    .         Harm     .   (no gloves)
MR       +....     NoTele   +   (no boots)
Stlth    ..........             (no amulet)
HPRegen  0.30/turn              (no ring)
MPRegen  0.12/turn              (no ring)

@: no status effects
A: retaliatory headbutt, horns 2
a: Berserk, Trog's Hand, Brothers in Arms, Burn Spellbooks, Renounce Religion


You were in the Dungeon.
You worshipped Trog.
Trog was exalted by your worship.
You were hungry.

You visited 1 branch You collected 3663 gold pieces.

Inventory:

Hand Weapons
 a - a +0 hand axe
 k - a +3 battleaxe of flaming (weapon)
 t - a +3 antimagic battleaxe
 v - a +2 antimagic broad axe
 y - a +2 antimagic battleaxe
 z - a +6 executioner's axe of draining
 B - a +5 antimagic battleaxe
 D - a +2 antimagic broad axe
 E - a +3 antimagic battleaxe
 F - a +3 battleaxe of venom
 I - a +2 antimagic battleaxe
Missiles
 A - 3 throwing nets (quivered)
Armour
 u - a cursed +0 chain mail (worn)
 x - a +0 plate armour
 G - a +0 hat of magic resistance (worn)
Wands
 b - a wand of random effects (35)
Scrolls
 i - a scroll of blinking
 j - a scroll of random uselessness {unknown}
 m - 2 scrolls of holy word {unknown}
 n - 3 scrolls of identify
 o - a scroll of remove curse {unknown}
 r - 2 scrolls of immolation
Potions
 d - 2 potions of curing
 f - 2 potions of haste
 g - 2 potions of magic
 h - 2 potions of berserk rage
 l - 4 potions of mutation
 p - a potion of brilliance {unknown}
 q - a potion of lignification {unknown}
 s - a potion of flight {unknown}
 H - a potion of agility {unknown}
Miscellaneous
 w - a phantom mirror
Comestibles
 c - 11 rations


   Skills:
 + Level 17.1 Fighting
 * Level 22.6 Axes
 + Level 17.0 Armour
 + Level 15.7 Dodging


You had 11 spell levels left.
You didn't know any spells.

Dungeon Overview and Level Annotations

Branches:
Dungeon (1/1)

Altars:
Cheibriados
Dithmenos
Elyvilon
Fedhas
Gozag
Hepliaklqana
Kikubaaqudgha
Makhleb
Nemelex Xobeh
Okawaru
Qazlal
Ru
Sif Muna
Trog
Uskayaw
Vehumet
Wu Jian
Xom
Yredelemnul
Zin
The Shining One
Beogh
Jiyva
Lugonu

Shops:
D !

Annotations:
D Ilsuiw


Innate Abilities, Weirdness & Mutations

You reflexively headbutt those who attack you in melee.
You have a pair of horns on your head.


Message History

Ilsuiw mumbles some strange words.
Ilsuiw flickers and vanishes!
Deactivating autopickup; reactivate with Ctrl-A.
The water elemental hits your cyclops!
Your cyclops dies!
Your cyclops's corpse disappears in a puff of smoke!
You hear a shout!
Your stone giant goes berserk!
You feel quite a bit more hungry.
You hear some strange, mumbled words.
You swap places.
The water elemental disappears in a puff of smoke! x2
Your stone giant hits the water elemental!!!
The water elemental hits your stone giant!
Your stone giant hits the water elemental!
The water elemental is destroyed!
You hear some strange, mumbled words.
A shard of ice appears from out of thin air!
The shard of ice hits you!
You die...

▓.P.#≈§≈≈§≈.≈.≈'.....#.÷♣♣♣♣
▓...#≈§§§§§≈≈≈♣♣♣♣♣♣♣#..♣
▓..(#≈≈§§§≈≈≈≈♣ ###+
▓##'####'#######♣
▓.......).......♣♣
▓#+#############'♣
JJJ#≈.......÷.÷.♣
▓..J+≈≈...########♣♣
▓..J#≈≈≈...@.CE....♣
▓..J#≈≈≈≈..........♣
#+#############{##########
▓(≈≈≈≈≈≈≈≈≈≈ ▓§E≈≈≈≈≈≈≈≈≈
▓≈≈≈..≈≈≈≈≈. ▓≈≈....≈≈≈..
▓≈≈≈..≈≈≈≈≈. ▓≈≈≈≈≈≈≈≈≈≈.


You could see a water elemental and a friendly stone giant (berserk).

Vanquished Creatures
  Rupert (D)
  Gastronok (D)
  Polyphemus (D)
  Dowan (D)
  2 dire elephants (D)
  Erolcha (D)
  4 death yaks (D)
  A deep elf mage (D)
  2 elephants (D)
  2 black mambas (D)
  Duvessa (D)
  2 spiny frogs (D)
  A rime drake (D)
  A komodo dragon (D)
  A queen bee (D)
  3 wandering mushrooms (D)
  8 blink frogs (D)
  3 dream sheep (D)
  A shadow (D)
  2 redbacks (D)
  A spatial vortex (D)
  A swamp drake (D)
  An orc warrior (D)
  A necrophage (D)
  5 two-headed ogres (D)
  A water elemental (D)
  A scorpion (D)
  32 killer bees (D)
  A jelly (D)
  An orc priest (D)
  2 orc wizards (D)
  A wizard (D)
  Jessica (D)
  A necromancer (D)
  3 humans (D)
  A kobold demonologist (D)
  An ooze (D)
  5 orcs (D)
  2 rats (D)
  4 ballistomycetes (D)
  A ballistomycete spore (D)
106 creatures vanquished.

Vanquished Creatures (collateral kills)
  An orc high priest (D)
  An orc knight (D)
  2 orc warriors (D)
  An orc priest (D)
  An orc wizard (D)
  2 orcs (D)
  A rat (D)
9 creatures vanquished.

Vanquished Creatures (others)
  2 draconian scorchers (D)
  2 hydras (D)
  6 hellions (D)
  2 yaktaurs (D)
  An electric eel (D)
  9 plants (D)
22 creatures vanquished.

Grand Total: 137 creatures vanquished

Notes
Turn   | Place    | Note
-------+----------+-------------------------------------------
     0 | D        | wojtek the Minotaur Berserker began the quest for the Orb.
     0 | D        | Reached XP level 1. HP: 19/19 MP: 0/0
    10 | D        | Reached skill level 4 in Axes
    29 | D        | Reached ** piety under Trog
    37 | D        | Noticed Jessica
    43 | D        | Killed Jessica
    43 | D        | Reached skill level 5 in Axes
    43 | D        | Reached XP level 2. HP: 19/28 MP: 1/1
    43 | D        | Reached XP level 3. HP: 24/35 MP: 2/2
    77 | D        | Killed a yaktaur
    83 | D        | Killed a hellion
    84 | D        | Killed a hellion
    92 | D        | Killed a hellion
    93 | D        | Killed a hellion
    95 | D        | Killed a hellion
   133 | D        | Noticed a scorpion
   136 | D        | Killed a scorpion
   136 | D        | Reached skill level 5 in Fighting
   136 | D        | Reached skill level 7 in Axes
   136 | D        | Reached skill level 5 in Armour
   136 | D        | Reached XP level 4. HP: 44/44 MP: 3/3
   138 | D        | Reached *** piety under Trog
   175 | D        | Noticed a water elemental
   178 | D        | Killed a water elemental
   178 | D        | Reached skill level 8 in Axes
   178 | D        | Reached skill level 5 in Dodging
   178 | D        | Reached XP level 5. HP: 51/51 MP: 4/4
   192 | D        | Killed a white draconian scorcher
   200 | D        | Killed a white draconian scorcher
   224 | D        | Found a radiant altar of Vehumet.
   225 | D        | Found a deep blue altar of Sif Muna.
   225 | D        | Found an ancient bone altar of Kikubaaqudgha.
   226 | D        | Noticed an orange demon
   228 | D        | Reached skill level 9 in Axes
   229 | D        | Reached **** piety under Trog
   260 | D        | Killed a hellion
   299 | D        | Found a glowing silver altar of Zin.
   300 | D        | Found a glowing golden altar of the Shining One.
   300 | D        | Found a white marble altar of Elyvilon.
   300 | D        | Noticed a deep elf mage
   308 | D        | Killed a deep elf mage
   308 | D        | Reached ***** piety under Trog
   308 | D        | Reached skill level 11 in Axes
   308 | D        | Reached XP level 6. HP: 56/63 MP: 5/5
   308 | D        | Reached XP level 7. HP: 63/70 MP: 6/6
   347 | D        | Found a hide-covered altar of Uskayaw.
   347 | D        | Found an iron altar of Okawaru.
   348 | D        | Found a roughly hewn altar of Beogh.
   348 | D        | Found a bloodstained altar of Trog.
   348 | D        | Found an ornate altar of the Wu Jian Council.
   348 | D        | Noticed a human
   348 | D        | Noticed a human
   354 | D        | Killed a human
   354 | D        | Received a gift from Trog
   354 | D        | Reached skill level 12 in Axes
   359 | D        | Killed a human
   478 | D        | Killed a yaktaur
   533 | D        | Found a shadowy altar of Dithmenos.
   535 | D        | Reached skill level 13 in Axes
   536 | D        | Found a basalt altar of Yredelemnul.
   536 | D        | Found a sacrificial altar of Ru.
   537 | D        | Reached skill level 10 in Fighting
   544 | D        | Noticed a shadow
   548 | D        | Killed a shadow
   548 | D        | Received a gift from Trog
   548 | D        | Reached XP level 8. HP: 76/79 MP: 7/7
   561 | D        | Found a blossoming altar of Fedhas.
   561 | D        | Found a stormy altar of Qazlal.
   561 | D        | Found a snail-covered altar of Cheibriados.
   561 | D        | Found a burning altar of Makhleb.
   561 | D        | Found a shimmering altar of Xom.
   562 | D        | Found a hazy altar of Hepliaklqana.
   562 | D        | Found an opulent altar of Gozag.
   562 | D        | Found a sparkling altar of Nemelex Xobeh.
   562 | D        | Found a corrupted altar of Lugonu.
   562 | D        | Found a viscous altar of Jiyva.
   569 | D        | Reached skill level 10 in Armour
   594 | D        | Reached skill level 14 in Axes
   748 | D        | Noticed a two-headed ogre
   758 | D        | Killed a two-headed ogre
   758 | D        | Reached skill level 10 in Dodging
   920 | D        | Noticed a two-headed ogre
   920 | D        | Noticed Erolcha
   926 | D        | Killed Erolcha
   926 | D        | Reached skill level 15 in Axes
   926 | D        | Reached XP level 9. HP: 90/90 MP: 8/8
   929 | D        | Killed a two-headed ogre
   984 | D        | Found Diwuxt's Distillery.
   984 | D        | Noticed an orc high priest
   992 | D        | Reached skill level 16 in Axes
   995 | D        | Received a gift from Trog
   998 | D        | Killed an orc high priest
  1000 | D        | Noticed an orc knight
  1005 | D        | Received a gift from Trog
  1011 | D        | Killed an orc knight
  1016 | D        | Reached ****** piety under Trog
  1016 | D        | Received a gift from Trog
  1117 | D        | Reached skill level 17 in Axes
  1117 | D        | Reached XP level 10. HP: 83/100 MP: 9/9
  1293 | D        | Received a gift from Trog
  1469 | D        | Received a gift from Trog
  1487 | D        | Received a gift from Trog
  1499 | D        | Received a gift from Trog
  1866 | D        | Killed a five-headed hydra
  1942 | D        | Reached skill level 18 in Axes
  1960 | D        | Killed an eight-headed hydra
  1995 | D        | Noticed Dowan
  1995 | D        | Noticed Duvessa
  2002 | D        | Killed Dowan
  2002 | D        | Received a gift from Trog
  2010 | D        | Killed Duvessa
  2010 | D        | Reached skill level 19 in Axes
  2010 | D        | Reached XP level 11. HP: 111/111 MP: 10/10
  2393 | D        | Received a gift from Trog
  2452 | D        | Noticed Rupert
  2470 | D        | Killed Rupert
  2470 | D        | Received a gift from Trog
  2470 | D        | Reached skill level 15 in Fighting
  2470 | D        | Reached skill level 20 in Axes
  2470 | D        | Reached skill level 15 in Armour
  2618 | D        | Noticed a dire elephant
  2626 | D        | Killed a dire elephant
  2630 | D        | Noticed a dire elephant
  2638 | D        | Killed a dire elephant
  2638 | D        | Reached skill level 21 in Axes
  2639 | D        | Noticed Gastronok
  2644 | D        | Killed Gastronok
  2644 | D        | Reached XP level 12. HP: 88/122 MP: 11/11
  2655 | D        | Noticed an azure jelly
  2655 | D        | Noticed an azure jelly
  2655 | D        | Noticed an azure jelly
  2655 | D        | Noticed an azure jelly
  2695 | D        | Noticed a death yak
  2696 | D        | Noticed a death yak
  2706 | D        | Killed a death yak
  2706 | D        | Reached skill level 15 in Dodging
  2707 | D        | Noticed a death yak
  2707 | D        | Noticed a death yak
  2824 | D        | Received a gift from Trog
  2839 | D        | Killed a death yak
  2847 | D        | Killed a death yak
  2848 | D        | Killed a death yak
  2848 | D        | Reached skill level 22 in Axes
  3289 | D        | Noticed Polyphemus
  3300 | D        | Killed Polyphemus
  3550 | D        | Noticed Ilsuiw
  3586 | D        | Killed from afar by Ilsuiw

Skill      XL: |  1  2  3  4  5  6  7  8  9 10 11 12 |
---------------+-------------------------------------+-----
Fighting       | 4 5 6 9 10 11 12 14 16 17 | 17.1
Axes           | 5 7 8 11 13 15 17 19 21 22 | 22.6
Armour         | 4 5 6 8 9 11 12 14 16 17 | 17.0
Dodging        | 3 4 5 7 9 10 11 13 14 15 | 15.7

Action                   |  1- 3 |  4- 6 |  7- 9 | 10-12 || total
-------------------------+-------+-------+-------+-------++-------
Melee: Hand axe          |    10 |     9 |     8 |       ||    27
       Headbutt          |     2 |     2 |    13 |    42 ||    59
       Battleaxe         |       |       |    58 |   215 ||   273
Invok: Berserk           |     1 |     2 |     2 |     4 ||     9
       Burn Spellbooks   |       |     1 |     1 |       ||     2
       Brothers in Arms  |       |       |     1 |     3 ||     4
  Use: Scroll            |       |       |     1 |       ||     1
       Potion            |       |       |       |     1 ||     1
 Stab: Sleeping          |     1 |       |       |       ||     1
  Eat: Chunk             |       |     1 |     5 |     1 ||     7
       Ration            |       |       |       |     3 ||     3
Armor: Chain mail        |       |       |    11 |    65 ||    76
Dodge: Dodged            |    11 |     7 |    33 |   153 ||   204
